 Dungeon Crawl Stone Soup version 0.30.0-5-g1a98f26d00 (webtiles) character file.

Game seed: 14785475867001942527

43 VictoriousLee the Stinger (level 3, -3/22 HPs)
             Began as an Octopode Venom Mage on May 13, 2023.
             Slain by a gnoll
             ... wielding a +0 flail
              (8 damage)
             ... on level 3 of the Dungeon.
             The game lasted 00:07:44 (1665 turns).

VictoriousLee the Stinger (Octopode Venom Mage)     Turns: 1665, Time: 00:07:44

Health: -3/22      AC:  1    Str:  7    XL:     3   Next: 58%
Magic:  13/15      EV: 13    Int: 25    God:
Gold:   59         SH:  0    Dex: 12    Spells: 3/6 levels left

rFire   . . .        c - +0 short sword
rCold   . . .        (no shield)
rNeg    . . .        (helmet restricted)
rPois   .            (no amulet)
rElec   .            f - +6 ring of intelligence
rCorr   .            h - ring of see invisible
SInv    +            o - ring of magical power
Will    .....        (no ring)
Stlth   +++          (no ring)
HPRegen 0.23/turn    (no ring)
MPRegen 0.14/turn    (no ring)
                     (no ring)

%: no passive effects
@: no status effects
A: almost no armour, amphibious, 8 rings, camouflage 1, gelatinous body 1,
(nimble swimmer 1), tentacles
a: no special abilities


You were on level 3 of the Dungeon.
You visited 1 branch of the dungeon, and saw 3 of its levels.

You collected 59 gold pieces.

Inventory:

Hand Weapons
 b - a +0 club
 c - a +0 short sword (weapon)
 e - a +0 dagger
 j - a +0 spear
 m - a +0 whip
Missiles
 g - 23 stones
Jewellery
 f - a +6 ring of intelligence (left tentacle)
 h - a ring of see invisible (right tentacle)
 o - a ring of magical power (on tentacle)
 t - a ring of see invisible
Wands
 q - a wand of roots (11)
Scrolls
 k - a scroll of immolation {unknown}
 l - 2 scrolls of identify {unknown}
 p - a scroll of vulnerability {unknown}
 r - a scroll of noise {unknown}
 s - a scroll of enchant weapon {unknown}
 u - a scroll of amnesia {unknown}
Potions
 a - a potion of magic
 d - a potion of degeneration {unknown}
 i - a potion of brilliance {unknown}
 n - a potion of flight {unknown}


   Skills:
 - Level 0.5 Fighting
 - Level 0.8 Short Blades
 - Level 2.0 Dodging
 - Level 2.6 Stealth
 - Level 2.0 Spellcasting
 - Level 1.0 Transmutations
 - Level 0.6 Air Magic
 + Level 5.0 Poison Magic


You had 3 spell levels left.
You knew the following spells:

 Your Spells              Type           Power      Damage    Failure   Level
a - Poisonous Vapours     Pois/Air       32%        N/A       5%          2
s - Sting                 Tmut/Pois      68%        1d6       3%          1

Your spell library contained the following spells:

 Spells                   Type           Power      Damage    Failure   Level
 Mephitic Cloud           Conj/Pois/Air  11%        N/A       16%         3
 Olgreb's Toxic Radiance  Pois           27%        N/A       14%         4


Dungeon Overview and Level Annotations

Branches:
Dungeon (3/15)

Altars:
Kikubaaqudgha


Innate Abilities, Weirdness & Mutations

You cannot wear most types of armour.
You are amphibious.
You can wear up to eight rings at the same time.
Your skin changes colour to match your surroundings (Stealth+).
Your rubbery body absorbs attacks. (AC +1, EV +1)
((You are camouflaged when in or above water. (Stealth+)))
You have tentacles for arms and can constrict up to eight enemies at once.


Message History

You kill the hobgoblin!
Your magical contamination has completely faded away.
HP restored.
Done exploring.
(D) Dungeon
Where to? (Enter - D:2, ? - help)
There is a stone staircase leading down here.
You climb downwards.
Found a scroll labelled VIKOXE BYUTUTRO.
There is a stone staircase leading up here.
u - a scroll labelled VIKOXE BYUTUTRO
Found a stone staircase leading down.
There is a stone staircase leading down here.
You now have 59 gold pieces (gained 12). 2 gnolls come into view.
The gnoll shouts! x2; You hear a shout! x2
A gnoll comes into view. It is wielding a +0 club.
The gnoll moves out of view.
Aiming: Poisonous Vapours (safe; 5% risk of failure)
Press: ? - help, Q - select action, (/) - cycle Dir - move target, f - gnoll
Aim: a gnoll, wielding a +0 halberd Poisonous vapours surround the gnoll!
The gnoll is poisoned.
A gnoll comes into view. It is wielding a +0 club.
The gnoll attacks as you move away! The gnoll hits you with a +0 flail.
The gnoll attacks as you move away! The gnoll hits you with a +0 flail!
Ouch! That really hurt!
The gnoll attacks as you move away! The gnoll barely misses you.
The gnoll attacks as you move away! The gnoll completely misses you.
Casting: Poisonous Vapours (safe; 5% risk of failure)
Confirm with . or Enter, or press ? or * to list all spells.
Aiming: Sting (safe; 3% risk of failure)
Press: ? - help, Shift-Dir - straight line, f - gnoll
Aim: a gnoll, wielding a +0 flail (77% to hit)
The sting hits the gnoll.
The gnoll is poisoned.
The gnoll is moderately wounded.
The gnoll hits you with a +0 flail!
* * * LOW HITPOINT WARNING * * *
Okay, then.
The gnoll attacks as you move away! The gnoll hits you with a +0 flail!
You die...

##..#.#.#.......#.
##.#..g.##.........
##.###..###.......#.
##>## ##.###.......#
#.## ##g##.......#
##.## ##.###########
##.###g## ##.#g##
##.@.## #.....####
#<.......#
#.....##.# ##...##
.. ##### ##


You could see 3 gnolls.

Vanquished Creatures
  An adder (D:2)
  A worm (D:2)
  A dart slug (D:1)
  4 ball pythons
  5 bats
  4 endoplasms
  2 hobgoblins
  4 goblins
  4 kobolds (D:1)
  A rat (D:2)
27 creatures vanquished.

Notes
Turn   | Place    | Note
-------+----------+-------------------------------------------
     0 | D:1      | VictoriousLee the Octopode Venom Mage began the quest for
                  | the Orb.
     0 | D:1      | Reached XP level 1. HP: 11/11 MP: 3/3
   122 | D:1      | Reached skill level 4 in Poison Magic
   218 | D:1      | Reached XP level 2. HP: 7/17 MP: 3/5
   933 | D:1      | Learned a level 2 spell: Poisonous Vapours
   970 | D:2      | Reached XP level 3. HP: 20/21 MP: 1/6
  1026 | D:2      | Found an ancient bone altar of Kikubaaqudgha.
  1157 | D:2      | Reached skill level 5 in Poison Magic
  1665 | D:3      | Slain by a gnoll

Illustrated notes

Levels and vault maps discovered:
D:1:      dpeg_arrival_arbitrary_a, layout_loops_ring
D:2:      layout_rooms, basic_altar
D:3:      lemuel_castle_with_subvaults [lemuel_castle_interior_carwin_3],
          layout_loops_cross, lemuel_doored_altar, minmay_box_of_dots

Skill      XL: |  1  2  3 |
---------------+----------+-----
Poison Magic   | 4 5 |  5.0
Fighting       | |  0.5
Short Blades   | |  0.8
Dodging        | |  2.0
Stealth        | |  2.6
Spellcasting   | |  2.0
Transmutations | |  1.0
Air Magic      | |  0.6

Action                     || total
---------------------------++-------
  Melee: Short sword       ||    28
         Unarmed           ||     3
         Constrict         ||     9
         Club              ||     1
         Tentacles         ||     8
   Cast: Sting             ||    23
         Poisonous Vapours ||    10
 Armour: Skin              ||     2
  Dodge: Dodged            ||    15
